AoeStats
← Rafaelbdoo

Arabia

505369574Analyzed
1v1 RM · 25d ago on Sep 9, 2026· 44m 27s· 2 players
Game mode
Random Map
Map size
Tiny (2 player)
Population
200
Speed
Normal
Resources
Standard
Victory
Conquest
Starting age
Dark Age
Ending age
Imperial Age
RankedLock teamsTeams togetherTeam positionsShared explorationLock speedFull tech treeHidden civsTurbo modeCheats
Victory
Defeat
🇭🇰 Mongols · Hong Kong SAR China
785
+13
🇧🇷 Byzantines · Brazil
722
-22
Rafaelbdoo
3:03 Loom
12:48 Feudal Age
16:35 Double-Bit Axe
18:57 Gold Mining
19:01 Stone Mining
22:00 Forging
22:00 Fletching
23:16 Wheelbarrow
25:46 Castle Age
28:46 Elite Skirmisher
31:18 Scale Barding Armor
32:52 Padded Archer Armor
34:22 Thumb Ring
35:54 Wheelbarrow
37:59 Stone Shaft Mining
37:44 Bow Saw
42:52 Imperial Age
BugKaShok
4:30 Loom
10:06 Feudal Age
11:34 Double-Bit Axe
11:37 Horse Collar
19:30 Castle Age
18:00 Gold Mining
21:04 Bow Saw
20:49 Stone Mining
22:39 Fletching
23:07 Bow Saw
23:55 Thumb Ring
24:03 Thumb Ring
25:00 Padded Archer Armor
28:16 Scale Barding Armor
30:02 Heavy Plow
32:18 Bodkin Arrow
40:30 Murder Holes
40:46 Masonry
41:33 Leather Archer Armor
42:04 Gold Shaft Mining
42:09 Stone Shaft Mining
42:39 Wheelbarrow
46:50 Imperial Age
44:38 Hand Cart
Connection lost

Rejoining the realm…

Still unreachable

The connection could not be restored.

Session expired

The server has moved on; the page needs a fresh start.